 Dungeon Crawl Stone Soup version 0.31.0-9-g3a7656b989 (webtiles) character file.

Game seed: 9811717942680288584

19 qw the Shooter (level 2, 0/14 HPs)
             Began as a Spriggan Hunter on Feb 2, 2024.
             Slain by a goblin
             ... wielding a +0 spear
              (4 damage)
             ... on level 1 of the Dungeon.
             The game lasted 00:00:01 (164 turns).

qw the Shooter (Spriggan Hunter)                     Turns: 164, Time: 00:00:02

Health: 0/14       AC:  2    Str:  7    XL:     2   Next: 55%
Magic:  3/3        EV: 19    Int: 10    God:
Gold:   25         SH:  0    Dex: 18    Spells: 1/1 levels left

rFire   . . .        a - +0 shortbow
rCold   . . .        (shield currently unavailable)
rNeg    . . .        c - +0 robe
rPois   .            (helmet restricted)
rElec   .            (no cloak)
rCorr   .            (gloves unavailable)
SInv    +            (boots unavailable)
Will    .....        (no amulet)
Stlth   ++           (no ring)
HPRegen 0.22/turn    (no ring)
MPRegen 0.08/turn

%: no passive effects
@: very quick
A: very small, no large weapons, unfitting armour, see invisible, speed 3
a: no special abilities


You were on level 1 of the Dungeon.
You visited 1 branch of the dungeon, and saw 1 of its levels.

You collected 25 gold pieces.


Innate Abilities, Weirdness & Mutations

You are very small and have problems with some larger weapons.
You are too small for most types of armour.
You have supernaturally acute eyesight. (SInv)
You cover ground extremely quickly. (Speed+++)


   Skills:
 - Level 1.5 Fighting
 + Level 4.2 Ranged Weapons
 - Level 4.0 Dodging
 - Level 1.5 Stealth


You had one spell level left.
You didn't know any spells.
Your spell library was empty.

Inventory:

Hand Weapons
 a - a +0 shortbow (weapon)
Armour
 c - a +0 robe (worn)
Scrolls
 b - a scroll of butterflies
 d - a scroll of identify {unknown}
Potions
 e - a potion of heal wounds {unknown}

Dungeon Overview and Level Annotations

Branches:
Dungeon (1/15)

Altars:


Message History

The goblin hits you from afar with a +0 spear.
You shoot an arrow. The arrow barely misses the quokka.
The bat barely misses you. The quokka closely misses you.
The goblin misses you. The bat completely misses you.
The quokka completely misses you.
You shoot an arrow. The arrow barely misses the bat.
The bat completely misses you. The bat closely misses you.
The goblin closely misses you. The quokka completely misses you.
The goblin completely misses you.
You shoot an arrow. The arrow misses the bat.
The bat barely misses you. The quokka misses you. The goblin misses you.
The quokka barely misses you.
You shoot an arrow. The arrow hits the bat!
You kill the bat!
The quokka bites you but does no damage.
The goblin completely misses you.
You shoot an arrow. The arrow hits the goblin.
The goblin is heavily wounded.
The quokka completely misses you. The goblin misses you.
The goblin hits you from afar with a +0 spear.
You shoot an arrow. The arrow closely misses the goblin.
The arrow hits the ball python.
You kill the ball python!
The quokka misses you. The goblin completely misses you. x2
The quokka misses you.
You shoot an arrow. The arrow hits the goblin.
You kill the goblin!
The goblin closely misses you. The quokka barely misses you.
The goblin completely misses you.
You shoot an arrow.
The arrow hits the quokka but does no damage.
The quokka bites you. The quokka barely misses you.
The goblin hits you from afar with a +0 spear.
You shoot an arrow. The arrow hits the quokka.
The quokka is almost dead.
The quokka bites you. The goblin closely misses you.
You shoot an arrow. The arrow closely misses the quokka.
The arrow closely misses the ball python.
The quokka completely misses you.
The goblin hits you from afar with a +0 spear.
You die...

#.##.# #.#
#.##.# #.#
#.##.###.#####.#
..##...%....)..#
#...........# .
#%###.#####.# .
#.# #.# ..
##.###.# ##
#.@....#
#r)##### .Sg%#
##...# #...#
.##.. .} #.. ...
#..


You could see a quokka, a goblin and a ball python.

Vanquished Creatures
  2 bats (D:1)
  An endoplasm (D:1)
  A goblin (D:1)
  3 hobgoblins (D:1)
  3 jackals (D:1)
  A quokka (D:1)
  2 ball pythons (D:1)
  A frilled lizard (D:1)
  A kobold (D:1)
  2 rats (D:1)
17 creatures vanquished.

Notes
Turn   | Place    | Note
-------+----------+-------------------------------------------
     0 | D:1      | qw the Spriggan Hunter began the quest for the Orb.
     0 | D:1      | Reached XP level 1. HP: 10/10 MP: 2/2
     0 | D:1      | 0 ||| qw: Version: 0.3-a-155-g5e7d8dd
     0 | D:1      | 0 ||| qw: Game counter: 1556
     0 | D:1      | 0 ||| qw: Melee chars always use a shield: true
     0 | D:1      | 0 ||| qw: God list: Okawaru
     0 | D:1      | 0 ||| qw: Allow faded altars: false
     0 | D:1      | 0 ||| qw: Do Orc after clearing Dungeon:15 true
     0 | D:1      | 0 ||| qw: Do second Lair branch before Depths: true
     0 | D:1      | 0 ||| qw: Lair rune preference: random
     0 | D:1      | 0 ||| qw: Goals: Normal
     0 | D:1      | 0 ||| PLANNING D:1-11
    13 | D:1      | Reached skill level 3 in Dodging
   122 | D:1      | Reached XP level 2. HP: 14/14 MP: 3/3
   163 | D:1      | HP: 3/14 [quokka (4)]
   164 | D:1      | Slain by a goblin

Levels and vault maps discovered:
D:1:      heliophobic_arrival_enchanted_forest, layout_loops_ring,
          minmay_hexomino_c4

Skill      XL: |  1  2 |
---------------+-------+-----
Dodging        | 3 4 |  4.0
Fighting       | |  1.5
Ranged Weapons | |  4.2
Stealth        | |  1.5

Action                     || total
---------------------------++-------
   Fire: Shortbow          ||    47
 Armour: Robe              ||     9
  Dodge: Dodged            ||    44

Table legend:
 A = Non-vault XP
 B = Vault XP
 C = Vault XP percentage of total XP
 D = Non-vault monster count
 E = Vault monster count
 F = Vault count percentage of total count
                 A         B        C        D         E       F
            +---------+---------+-------+---------+---------+-------
      Total |      17 |      11 |  39.3 |      11 |       6 |  35.3
            +---------+---------+-------+---------+---------+-------
        D:1 |      17 |      11 |  39.3 |      11 |       6 |  35.3
            +---------+---------+-------+---------+---------+-------
